 Dungeon Crawl Stone Soup version 0.29.1-2-gbd0b4ee654 (webtiles) character file.

Game seed: 12274026182076715974

91 funnyparkerb the Magician (level 4, -7/35 HPs)
             Began as a Mummy Cinder Acolyte on Nov 21, 2022.
             Was a High Priest of Ignis.
             Killed from afar by Grinder (12 damage)
             ... with a bolt of dispelling energy
             ... on level 3 of the Dungeon.
             The game lasted 00:04:17 (2903 turns).

funnyparkerb the Magician (Mummy Cinder Acolyte)    Turns: 2903, Time: 00:04:17

Health: -7/35      AC:  3    Str: 17    XL:     4   Next: 33%
Magic:  4/9        EV: 11    Int: 15    God:    Ignis [*****.]
Gold:   117        SH:  0    Dex:  7    Spells: 8/10 levels left

rFire   . . .      SeeInvis .   a - -1 falchion (flame)
rCold   + . .      Faith    .   (no shield)
rNeg    + + +      Spirit   .   b - +0 robe
rPois   ∞          Reflect  .   (no helmet)
rElec   .          Harm     .   (no cloak)
rCorr   .          Rampage  .   (no gloves)
Will    .....                   c - +0 pair of boots
Stlth   +.........              (no amulet)
HPRegen 0.11/turn               (no ring)
MPRegen 0.11/turn               (no ring)

@: no status effects
A: cold resistance 1, negative energy resistance 3, torment resistance 2, heat
vulnerability 1, in touch with death 1, no potions
a: Renounce Religion, Fiery Armour, Foxfire Swarm, Rising Flame


You were on level 3 of the Dungeon.
You worshipped Ignis.
Ignis was extremely pleased with you.
You visited 1 branch of the dungeon, and saw 3 of its levels.

You collected 117 gold pieces.

Inventory:

Hand Weapons
 a - a -1 falchion of flaming (weapon)
Armour
 b - a +0 robe (worn)
 c - a +0 pair of boots (worn)
Jewellery
 g - an amulet of faith
Scrolls
 d - a scroll of butterflies {unknown}
 e - a scroll of immolation {unknown}
 f - a scroll of torment {unknown}
 h - 2 scrolls of noise {unknown}
 i - 3 scrolls of magic mapping {unknown}
 j - a scroll of blinking {unknown}
 k - a scroll of fear {unknown}
 l - a scroll of enchant weapon {unknown}
 m - a scroll of identify {unknown}
 n - a scroll of teleportation {unknown}
 o - a scroll of vulnerability {unknown}


   Skills:
 - Level 3.0 Fighting
 - Level 2.4 Long Blades
 + Level 3.7 Spellcasting
 + Level 3.4 Fire Magic


You had 8 spell levels left.
You knew the following spells:

 Your Spells              Type           Power      Damage    Failure   Level
a - Scorch                Fire           26%        2d6       7%          2

Your spell library contained the following spells:

 Spells                   Type           Power      Damage    Failure   Level
 Inner Flame              Hex/Fire       8%         N/A       26%         3
 Cause Fear               Hex            1%         N/A       88%         4
 Discord                  Hex            1%         N/A       100%        8


Dungeon Overview and Level Annotations

Branches:
Dungeon (3/15)

Altars:
Yredelemnul

Annotations:
D:3 Grinder


Innate Abilities, Weirdness & Mutations

You are immune to poison.
Your flesh is cold resistant. (rC+)
You are immune to negative energy. (rN+++)
You are immune to unholy pain and torment.
You are vulnerable to heat. (rF-)
You are in touch with the powers of death.
You do not drink.


Message History

Grinder shouts!
You see here a book of Hexes.
You pick up a book of Hexes and begin reading...
You add the spells Inner Flame, Cause Fear and Discord to your library.
Flames lash Grinder.
Grinder is moderately wounded.
Grinder's fire resistance burns away.
Okay, then.
Okay, then.
You hit Grinder. You burn Grinder.
Grinder is moderately wounded.
Grinder hits you!
You hit Grinder. You burn Grinder.
Grinder is heavily wounded.
Grinder barely misses you.
You hit Grinder. You burn Grinder.
Grinder is heavily wounded.
Grinder is no longer more vulnerable to fire.
Grinder gestures at you.
You suddenly lose the ability to move!
Grinder zaps a wand.
The bolt of dispelling energy hits you!
Your magical effects are unravelling.
You can move again.
You are too injured to fight recklessly!
Casting: Scorch (safe; 7% risk of failure)
Confirm with . or Enter, or press ? or * to list all spells.
Flames lash Grinder.
Grinder is heavily wounded.
Grinder's fire resistance burns away.
Grinder zaps a wand.
The bolt of dispelling energy hits you!
* * * LOW HITPOINT WARNING * * *
You can't drink.
You hit Grinder. You burn Grinder.
Grinder is severely wounded.
Grinder hits you but does no damage.
You barely miss Grinder.
Grinder is severely wounded.
Grinder is no longer more vulnerable to fire.
Grinder zaps a wand.
The bolt of dispelling energy hits you!
You die...

#.#.. ##...##
.....# ##....#
.###.....#
.........#####.
..###...........
#........######.
##..†5@.....[..
#.###..####...
#..# ##.###..#
#.......# #
#.#####.####...#
#........#
#.####..## #.
#.......#


You could see Grinder.

Vanquished Creatures
  2 adders (D:2)
  2 worms
  4 dart slugs
  8 bats
  An endoplasm (D:1)
  2 giant cockroaches
  4 goblins
  8 hobgoblins
  4 jackals (D:2)
  5 kobolds
  8 ball pythons
  4 frilled lizards
  3 rats
55 creatures vanquished.

Notes
Turn   | Place    | Note
-------+----------+-------------------------------------------
     0 | D:1      | funnyparkerb the Mummy Cinder Acolyte began the quest for
                  | the Orb.
     0 | D:1      | Reached XP level 1. HP: 18/18 MP: 2/2
     6 | D:1      | Noticed a swamp drake
     6 | D:1      | Noticed a polar bear
     6 | D:1      | Noticed a wolf
     6 | D:1      | Noticed an anaconda
     6 | D:1      | Noticed a komodo dragon
   159 | D:1      | Reached XP level 2. HP: 14/24 MP: 5/5
   162 | D:1      | Learned a level 2 spell: Scorch
  1153 | D:2      | Gained mutation: You are in touch with the powers of death.
                  | [Mummy growth]
  1153 | D:2      | Reached XP level 3. HP: 26/29 MP: 2/7
  1902 | D:2      | Found a faded altar of an unknown god.
  2233 | D:2      | Reached XP level 4. HP: 33/35 MP: 3/9
  2427 | D:2      | Found a basalt altar of Yredelemnul.
  2891 | D:3      | Noticed Grinder
  2899 | D:3      | Paralysed by Grinder for 2 turns
  2903 | D:3      | Killed from afar by Grinder

Illustrated notes

Levels and vault maps discovered:
D:1:      onia_arrival_zoo_common, layout_rooms,
          nicolae_concentric_dashed_squares_wild
D:2:      layout_loops_ring, basic_altar,
          dreamdust_ecumenical_altar_angels_and_demons
D:3:      layout_loops_ring, lemuel_coloured_pillars_altar, corexii_shack,
          hangedman_decor_peaks_small, uniq_grinder, uniq_sigmund

Skill      XL: |  1  2  3 |
---------------+----------+-----
Spellcasting   | 2 3 |  3.7
Fire Magic     | 3 |  3.4
Fighting       | |  3.0
Long Blades    | |  2.4

Action                   |  1- 3 |  4- 6 || total
-------------------------+-------+-------++-------
Melee: Falchion          |    83 |    24 ||   107
 Cast: Scorch            |    33 |    12 ||    45
Armor: Robe              |    88 |     8 ||    96
Dodge: Dodged            |   131 |    10 ||   141
